 Dungeon Crawl Stone Soup version 0.30-b1-2-g02819fbbbe (webtiles) character file.

Game seed: 8946549018832930593

84 Flugkiller the Conjurer (level 4, -2/42 HPs)
             Began as a Naga Reaver on May 17, 2023.
             Constricted to death by Robin (5 damage)
             ... on level 3 of the Dungeon.
             The game lasted 00:01:50 (1966 turns).

Flugkiller the Conjurer (Naga Reaver)               Turns: 1966, Time: 00:01:51

Health: -2/42      AC:  2    Str: 16    XL:     4   Next: 46%
Magic:  4/7        EV:  6    Int: 13    God:
Gold:   101        SH:  0    Dex: 10    Spells: 5/8 levels left

rFire   . . .        g - +2 short sword (drain)
rCold   . . .        (no shield)
rNeg    . . .        b - +0 leather armour
rPois   +            (no helmet)
rElec   .            (no cloak)
rCorr   .            (no gloves)
SInv    +            (no barding)
Will    .....        (no amulet)
Stlth   +            (no ring)
HPRegen 0.27/turn    (no ring)
MPRegen 0.10/turn

%: no passive effects
@: short of breath, grasped by roots, immotile, constricted, very slow
A: AC +1, large, see invisible, deformed body, poison resistance, slowness 2,
spit poison 1, naga tail 1
a: Spit Poison


You were on level 3 of the Dungeon.
You visited 1 branch of the dungeon, and saw 3 of its levels.

You collected 101 gold pieces.

Inventory:

Hand Weapons
 a - a +0 spear
 g - a +2 short sword of draining (weapon)
   (You took it off a kobold on level 1 of the Dungeon)
Armour
 b - a +0 leather armour (worn)
Scrolls
 e - 2 scrolls of teleportation {unknown}
 h - a scroll of magic mapping {unknown}
 j - a scroll of immolation {unknown}
 k - 3 scrolls of identify {unknown}
 l - a scroll of enchant armour {unknown}
Potions
 d - a potion of resistance {unknown}
 f - a potion of heal wounds {unknown}
 i - a potion of attraction {unknown}
 m - a potion of berserk rage {unknown}
 n - a potion of mutation {unknown}
 q - a potion of curing


   Skills:
 - Level 3.0 Fighting
 - Level 3.0 Polearms
 - Level 1.5 Dodging
 + Level 2.5 Spellcasting
 + Level 3.7 Conjurations
 + Level 1.5 Translocations


You had 5 spell levels left.
You knew the following spells:

 Your Spells              Type           Power      Damage    Failure   Level
a - Kiss of Death         Conj/Necr      24%        2d7       14%         1
b - Momentum Strike       Conj/Tloc      16%        3d8       16%         2

Your spell library contained the following spells:

 Spells                   Type           Power      Damage    Failure   Level
 Hailstorm                Conj/Ice       6%         3d4       38%         3


Dungeon Overview and Level Annotations

Branches:
Dungeon (3/15) Zot: 15399

Altars:
Okawaru

Annotations:
D:3 Robin


Innate Abilities, Weirdness & Mutations

Your serpentine skin is tough. (AC +1)
You have supernaturally acute eyesight. (SInv)
Armour fits poorly on your strangely shaped body.
Your system is resistant to poisons. (rPois)
You cover ground very slowly.
You can spit poison.
You have a snake-like lower body.


Message History

A goblin comes into view. It is wielding a +0 club.
The goblin barely misses you.
A hobgoblin comes into view.
The goblin moves out of view.
Items here: )) †††.
The goblin shouts! x2; The hobgoblin shouts!
You hit the goblin. You drain the goblin.
You kill the goblin!
You hear a shout!
A hobgoblin comes into view.
A hobgoblin comes into view.
The hobgoblin shouts!
The hobgoblin hits you. Robin throws the goblin at you!
Things that are here:
a +0 club; a goblin corpse You hit the goblin.
You drain the goblin.
You kill the goblin!
The hobgoblin hits you. Robin throws the goblin at you!
The goblin hits you with a +0 club.
You barely miss the goblin. The hobgoblin hits you.
The goblin hits you but does no damage.
Robin roars a battlecry!
The goblins go into a battle-frenzy!
The goblin hits you with a +0 club.
You are too injured to fight recklessly!
You are too injured to fight recklessly!
You are too injured to fight recklessly!
You are too injured to fight recklessly!
You are too injured to fight recklessly!
You are too injured to fight recklessly!
You are too injured to fight recklessly!
You are too injured to fight recklessly!
Unknown command.
The goblin attacks as you move away! The goblin hits you with a +0 dagger.
The goblin hits you with a +0 club. The hobgoblin closely misses you.
The goblin closely misses you.
Items here: )) †††.
Casting: Momentum Strike (safe; 16% risk of failure)
Confirm with . or Enter, or press ? or * to list all spells.
Aiming: Momentum Strike (safe; 16% risk of failure)
Press: ? - help, Dir - move target, f - hobgoblin
Aim: a hobgoblin (68% to hit)
The concentrated momentum hits the hobgoblin!
You kill the hobgoblin!
You are unable to move.
Robin says, "Duck!"
Robin throws the goblin at you!
You hit the goblin.
You kill the goblin!
The goblin barely misses you. Robin throws the goblin at you!
* * * LOW HITPOINT WARNING * * *
You puncture the goblin!
You kill the goblin!
The goblin hits you with a +0 club.
* * * LOW HITPOINT WARNING * * *
Unknown command.
It was a potion of curing.
You feel better.
q - 2 potions of curing The goblin hits you with a +0 club.
* * * LOW HITPOINT WARNING * * *
You feel better. The goblin hits you with a +0 club.
Aiming: Spit Poison (1% risk of failure)
Press: ? - help, Shift-Dir - straight line, f - Robin
Aim: Robin, wielding a +0 short sword, wearing a +2 animal skin, wearing a +0 helmet and carrying a wand of roots (8) (70% to hit)
The splash of poison hits the goblin.
The goblin is poisoned.
The goblin is moderately wounded.
You are no longer robbed of momentum.
The goblin closely misses you. The hobgoblin misses you.
Robin throws the goblin at you!
You hit the goblin.
You kill the goblin!
The hobgoblin hits you but does no damage.
You barely miss Robin. Robin hits you with a +0 short sword.
* * * LOW HITPOINT WARNING * * *
You hit Robin. You drain Robin.
Robin is heavily wounded.
The hobgoblin no longer looks unusually strong.
The hobgoblin hits you.
* * * LOW HITPOINT WARNING * * *
The hobgoblin closely misses you.
Robin roars a battlecry!
The hobgoblin goes into a battle-frenzy!
Casting: Momentum Strike (safe; 16% risk of failure)
Confirm with . or Enter, or press ? or * to list all spells.
Aiming: Momentum Strike (safe; 16% risk of failure)
Press: ? - help, Dir - move target, f - hobgoblin, p - Robin
Aim: a hobgoblin (strong, 68% to hit)
The concentrated momentum hits the hobgoblin!
You kill the hobgoblin!
You are unable to move.
Robin zaps a wand.
The roots erupt in riotous growth!
The grasping roots grab you!
Robin is unaffected.
The hobgoblin is unaffected.
The grasping roots constrict you.
* * * LOW HITPOINT WARNING * * *
The hobgoblin hits you.
* * * LOW HITPOINT WARNING * * *
You closely miss the hobgoblin. Robin hits you with a +0 short sword.
* * * LOW HITPOINT WARNING * * *
The grasping roots constrict you.
You die...

.........##.#
..#.#.......#
#.##.#†.#####
#...........# #
.####.#.####.# ...
........####.#g....
......#.##))..g....
.######.##g#.#.....
#.##@#.# ...
#.)))gg# # ####.###
#.# ... #.## #.#
... ..


You could see Robin (very drained) and 2 hobgoblins.

Vanquished Creatures
  2 adders
  A worm (D:2)
  3 dart slugs (D:2)
  4 giant cockroaches (D:1)
  10 goblins
  7 hobgoblins
  3 jackals (D:1)
  2 quokkas (D:1)
  4 ball pythons
  3 bats
  A frilled lizard (D:3)
  7 kobolds
  7 rats
54 creatures vanquished.

Notes
Turn   | Place    | Note
-------+----------+-------------------------------------------
     0 | D:1      | Flugkiller the Naga Reaver began the quest for the Orb.
     0 | D:1      | Reached XP level 1. HP: 19/19 MP: 3/3
   175 | D:1      | Reached XP level 2. HP: 21/27 MP: 5/5
   362 | D:1      | Learned a level 2 spell: Momentum Strike
   664 | D:1      | Reached XP level 3. HP: 25/31 MP: 6/6
  1365 | D:2      | Reached skill level 1 in Translocations
  1390 | D:2      | Found an iron altar of Okawaru.
  1502 | D:2      | Reached XP level 4. HP: 41/42 MP: 7/7
  1949 | D:3      | Noticed Robin
  1966 | D:3      | Constricted to death by Robin

Illustrated notes

Levels and vault maps discovered:
D:1:      dpeg_arrival_water_temple_mockup, layout_basic
D:2:      layout_basic, basic_altar
D:3:      layout_loops_cross, cheibriados_altar_1,
          wander_ebering_terrifying_dragon_lair, uniq_robin

Skill      XL: |  1  2  3 |
---------------+----------+-----
Fighting       | 3 |  3.0
Translocations | 1 |  1.5
Polearms       | |  3.0
Dodging        | |  1.5
Spellcasting   | |  2.5
Conjurations   | |  3.7

Action                     |  1- 3 |  4- 6 || total
---------------------------+-------+-------++-------
  Melee: Spear             |    60 |       ||    60
         Short sword       |    66 |    31 ||    97
   Cast: Kiss of Death     |     1 |       ||     1
         Momentum Strike   |     1 |     2 ||     3
Ability: Spit Poison       |     4 |     1 ||     5
    Use: Potion            |       |     2 ||     2
 Armour: Leather armour    |    30 |     6 ||    36
  Dodge: Dodged            |    54 |    20 ||    74
